[Event "African Championship"]
[Site "followchess.com"]
[Date "2021.05.26"]
[Round "8"]
[White "Ndegwa, Jackson Kamau"]
[Black "Beukes, Dante M"]
[Result "0-1"]
[ECO "B20"]
[WhiteElo "2001"]
[BlackElo "2284"]
[PlyCount "114"]
[EventDate "2021.??.??"]
[TimeControl "7200+30"]
[WhiteClock "0:14:35"]
[BlackClock "0:15:33"]

1. e4 c5 2. b3 g6 3. Bb2 Nf6 4. f4 Bg7 5. Be2 O-O 6. d3 Qa5+ 7. Bc3 Qc7 8.
Nh3 Nc6 9. O-O Nd4 10. Bxd4 cxd4 11. Qd2 b5 12. c4 bxc4 13. bxc4 Nxe4 14. dxe4 d3 15. e5 dxe2 16. Qxe2 d6 17. Nc3 dxe5 18. Nf2 Be6 19. Nd5 Bxd5 20. cxd5 exf4 21. Rad1 Rad8 22. Kh1 Qe5 23. Qf3 Qe3 24. Rfe1 Qxf3 25. gxf3 Bf6 26. Re4 g5 27. Ra4 Rd7 28. Ne4 Kg7 29. Ra6 Rfd8 30. d6 exd6 31. Rdxd6 Be7 32. Rdc6 Rb8 33. Rc2 Rb6 34. Ra5 h6 35. Kg2 Bb4 36. Re5 f6 37.
Re8 f5 38. Nf2 Rbd6 39. Rcc8 Rf7 40. Rh8 Rfd7 41. Rcf8 Bc5 42. Rhg8+ Kh7 43. Rh8+ Kg6 44. Rhg8+ Rg7 45.
Rxg7+ Kxg7 46. Rxf5 Bxf2 47. Kxf2 Rd2+ 48. Kg1 Rxa2 49. Rc5 a5 50. Rc6 a4 51. Rb6 a3 52. Ra6 h5 53. h3 Ra1+ 54. Kg2 a2 55. Kh2 g4 56. hxg4 hxg4 57.
Ra5 gxf3 0-1

[Event "African Championship"]
[Site "followchess.com"]
[Date "2021.05.26"]
[Round "8"]
[White "Okonkwo, Ifeanyi"]
[Black "Kayonde, Andrew"]
[Result "0-1"]
[ECO "B13"]
[WhiteElo "2029"]
[BlackElo "2399"]
[PlyCount "116"]
[EventDate "2021.??.??"]
[TimeControl "7200+30"]
[WhiteClock "0:33:15"]
[BlackClock "0:19:02"]

1. e4 c6 2. d4 d5 3. exd5 cxd5 4. Bd3 Nc6 5. c3 Qc7 6. Qb3 Nxd4 7. Qxd5 e5 8. Bf4 Nc6 9. Be3 Nf6 10. Qb3 Ng4 11. Na3 Nxe3 12. fxe3 Bc5 13. O-O-O Bxe3+ 14. Kb1 O-O 15. Qc2 h6 16. Nb5 Qe7 17. Nd6 Be6 18. Nf5 Bxf5 19. Bxf5 Bxg1 20.
Rhxg1 Rad8 21. Rge1 Rxd1+ 22. Rxd1 Rd8 23. Be4 Rxd1+ 24. Qxd1 Qh4 25. Qd3 g6 26. b4 Kg7 27. Kc1 Qd8 28. h3 Qc7 29. Qb5 Nd8 30. Kb2 a6 31. Bd5 Qd6 32. Qd3 Ne6 33. g4 b5 34. Qf3 Nf4 35.
Bb3 Qd2+ 36. Bc2 Nd5 37. Qd3 Qxd3 38. Bxd3 Kf6 39. Kb3 Ke6 40. c4 Nc7 41. a4 bxa4+ 42. Kxa4 f5 43. Ka5 e4 44. Bc2 Ke5 45. Kb6 Kd4 46. gxf5 gxf5 47. Kxc7 Kxc4 48. Kd6 Kc3 49. Bd1 Kd2 50. Bb3 e3 51. Bc4 f4 52. Ke5 f3 53. Kf4 e2 54. Kxf3 e1=Q 55.
Bxa6 Qe3+ 56. Kg2 Qg5+ 57. Kh2 Ke3 58. Bf1 Kf2 0-1

[Event "African Championship"]
[Site "followchess.com"]
[Date "2021.05.26"]
[Round "8"]
[White "Oragwu, Chukwunonso"]
[Black "Abrantes, Persson"]
[Result "1-0"]
[ECO "B01"]
[WhiteElo "2241"]
[BlackElo "2018"]
[PlyCount "69"]
[EventDate "2021.??.??"]
[TimeControl "7200+30"]
[WhiteClock "0:00:56"]
[BlackClock "0:52:41"]

1. e4 d5 2. exd5 Qxd5 3. Nc3 Qa5 4. d4 Nf6 5. Bd3 Bg4 6. f3 Bh5 7. Nge2 Bg6 8. Bc4 e6 9. Be3 c6 10. Nf4 Bb4 11. Qd2 Nd5 12. Bxd5 cxd5 13. h4 h6 14. Nxg6 fxg6 15. Qd3 Bxc3+ 16. bxc3 Kf7 17. h5 gxh5 18. Rxh5 Nd7 19. Kf2 Nf6 20. Rh3 Rac8 21. Bd2 Rc4 22. Rg3 g5 23. Rh1 Rcc8 24. Rgh3 Kg7 25. Re1 Rhe8 26. Re5 Rc7 27. Rxh6 Kxh6 28. Rxg5 Ne4+ 29. fxe4 Rf8+ 30. Kg1 Rxc3 31. Rg3+ Kh7 32. Bxc3 Qxa2 33. Rh3+ Kg7 34. Qg3+ Kf7 35. Rh4 1-0

[Event "African Championship"]
[Site "followchess.com"]
[Date "2021.05.26"]
[Round "8"]
[White "Osunfuyi, Abimbola"]
[Black "Mwale, George"]
[Result "1-0"]
[ECO "A15"]
[WhiteElo "2246"]
[BlackElo "1982"]
[PlyCount "97"]
[EventDate "2021.??.??"]
[TimeControl "7200+30"]
[WhiteClock "0:37:45"]
[BlackClock "0:34:30"]

1. c4 Nf6 2. g3 g6 3. Bg2 Bg7 4. Nc3 c6 5. e4 d6 6. Nge2 O-O 7. O-O e5 8. d4 Nbd7 9. h3 Re8 10. d5 cxd5 11. cxd5 a6 12. a4 Rb8 13. Be3 b6 14. g4 h5 15. f3 Nf8 16. Ng3 hxg4 17. fxg4 Bd7 18. Qf3 Qe7 19. Rf2 Rec8 20. Raf1 Be8 21. g5 N6h7 22. h4 b5 23. axb5 axb5 24. Bh3 Rc7 25. Rg2 b4 26. Nd1 Bb5 27. Re1 Bd7 28. Bxd7 Qxd7 29. Ree2 Ra8 30. Nf2 Ra1+ 31. Kh2 Qe7 32. Nd3 Rc4 33. Rc2 Qc7 34. Nxb4 Rxc2 35. Rxc2 Qd7 36. Nc6 f6 37. Rg2 Re1 38. Bd2 Rb1 39. Be3 Re1 40. Ne2 f5 41. exf5 gxf5 42. Qxf5 Qe8 43. g6 Nf6 44. Bd2 Ra1 45. Nc3 e4 46. Be3 Re1 47. Bd4 N8d7 48. Nb5 Qf8 49. Qe6+ 1-0

[Event "African Championship"]
[Site "followchess.com"]
[Date "2021.05.26"]
[Round "8"]
[White "Rakotomaharo, Fy Antenaina"]
[Black "Bellahcene, Bilel"]
[Result "0-1"]
[ECO "E46"]
[WhiteElo "2429"]
[BlackElo "2508"]
[PlyCount "76"]
[EventDate "2021.??.??"]
[TimeControl "7200+30"]
[WhiteClock "0:05:06"]
[BlackClock "0:03:38"]

1. d4 Nf6 2. c4 e6 3. Nc3 Bb4 4. e3 O-O 5. Nge2 d5 6. a3 Be7 7. cxd5 exd5 8.
g3 Re8 9. Bg2 a5 10. O-O Na6 11. b3 h6 12. Nf4 c6 13. f3 c5 14. Kh1 cxd4 15. exd4 Nc7 16. Nd3 Bd6 17. Na4 Bf5 18. Bb2 Bxd3 19. Qxd3 h5 20. Nc5 Rb8 21. Rae1 b6 22. Na6 Nxa6 23. Qxa6 h4 24. f4 hxg3 25. hxg3 Qd7 26. Qd3 Ne4 27. Kg1 Qf5 28. Qb5 Re6 29. Rxe4 Rxe4 30. Bxe4 Qxe4 31. Qd7 Bf8 32. Rf2 Re8 33. Qb5 Re6 34. Qf1 Qe3 35. Kg2 Qxb3 36. Bc1 Rg6 37. Rf3 Qc2+ 38. Rf2 Qe4+ 0-1

[Event "African Championship"]
[Site "followchess.com"]
[Date "2021.05.26"]
[Round "8"]
[White "Silva, David"]
[Black "Adly, Ahmed"]
[Result "0-1"]
[ECO "B56"]
[WhiteElo "2296"]
[BlackElo "2615"]
[PlyCount "76"]
[EventDate "2021.??.??"]
[TimeControl "7200+30"]
[WhiteClock "0:38:17"]
[BlackClock "0:15:29"]

1. e4 c5 2. Nf3 Nf6 3. Nc3 d6 4. d4 cxd4 5. Nxd4 Nc6 6. f4 Bd7 7. Nxc6 Bxc6 8. Qd3 e6 9. Be3 Be7 10.
O-O-O O-O 11. Be2 Qa5 12. Bf3 Rac8 13. Kb1 Rfd8 14. Qd2 Qc7 15. g4 d5 16. exd5 Nxd5 17. Nxd5 Bxd5 18. Bxd5 Rxd5 19. Qe2 Rcd8 20. Rxd5 Rxd5 21. Rd1 Qd7 22. Rf1 a6 23. Bc1 Bf6 24. Rf3 h5 25. g5 Bd8 26. Rd3 Rxd3 27. cxd3 Qd5 28. Qe4 g6 29. Be3 Bc7 30. Qxd5 exd5 31. Kc2 f6 32. h3 Kf7 33. Kc3 Ba5+ 34. b4 Bc7 35. a4 b5 36. axb5 axb5 37. Bd2 fxg5 38. fxg5 Be5+ {[%emt 0:00:09] -error} 0-1

[Event "African Championship"]
[Site "followchess.com"]
[Date "2021.05.26"]
[Round "8"]
[White "Talbi, Chafik"]
[Black "Masango, Spencer"]
[Result "0-1"]
[ECO "A39"]
[WhiteElo "2244"]
[BlackElo "2071"]
[PlyCount "100"]
[EventDate "2021.??.??"]
[TimeControl "7200+30"]
[WhiteClock "0:09:16"]
[BlackClock "0:00:47"]

1. d4 Nf6 2. c4 g6 3. Nf3 Bg7 4. g3 O-O 5. Bg2 c5 6. O-O Nc6 7. Nc3 cxd4 8.
Nxd4 Nxd4 9. Qxd4 d6 10. Qd2 a6 11. b3 Rb8 12. a4 Bd7 13.
Bb2 Bc6 14. e4 Nd7 15. b4 b5 16. cxb5 axb5 17. a5 Ne5 18. Qc2 Qd7 19. Rac1 Rfc8 20. Qe2 Nc4 21. Ba1 Bh6 22. Rcd1 Bg7 23. Rfe1 e6 24. h4 h5 25. Qa2 Qa7 26. Ne2 Bf8 27. Qb3 Bd7 28. Nf4 Qc7 29. Rc1 Qd8 30.
Rcd1 Qe7 31. Nd3 e5 32. Qa2 Be6 33. Qe2 Rc6 34. f4 Bg4 35.
Bf3 Bxf3 36. Qxf3 Rbc8 37. fxe5 dxe5 38. Kh2 Rf6 39. Qe2 Bh6 40. Kh1 Qe6 41. Nc5 Qh3+ 42. Qh2 Qg4 43. Nd7 Re6 44. Nc5 Ne3 45. Nxe6 Qf3+ 46. Kg1 Rc2 47. Qxc2 Qxg3+ 48. Kh1 Nxc2 49. Rd8+ Kh7 50. Ng5+ Bxg5 0-1

[Event "African Championship"]
[Site "followchess.com"]
[Date "2021.05.27"]
[Round "9"]
[White "Ajibola, Olanrewaju"]
[Black "Mwale, Joseph"]
[Result "0-1"]
[ECO "D04"]
[WhiteElo "2337"]
[BlackElo "2148"]
[PlyCount "52"]
[EventDate "2021.??.??"]
[TimeControl "7200+30"]
[WhiteClock "0:59:02"]
[BlackClock "0:34:27"]

1. d4 d5 2. Nf3 Nf6 3. e3 g6 4. Nbd2 Bg7 5. Be2 O-O 6. b4 a5 7. b5 c5 8. bxc6 bxc6 9. Ba3 Nbd7 10. O-O Re8 11. c4 e5 12. cxd5 Nxd5 13.
Rc1 exd4 14. Nxd4 c5 15. Bxc5 Nxc5 16. Rxc5 Nxe3 17. fxe3 Bxd4 18. exd4 Qxd4+ 19. Kh1 Qxc5 20. Bf3 Ba6 21.
Ne4 Qe5 22. Rf2 Rad8 23. Qg1 Rd4 24. Nc3 Qe1 25. Rc2 Qxg1+ 26. Kxg1 Rc8 0-1

[Event "African Championship"]
[Site "followchess.com"]
[Date "2021.05.27"]
[Round "9"]
[White "Amin, Bassem"]
[Black "Chipanga, Chiletso"]
[Result "1-0"]
[ECO "B13"]
[WhiteElo "2701"]
[BlackElo "2043"]
[PlyCount "63"]
[EventDate "2021.??.??"]
[TimeControl "7200+30"]
[WhiteClock "0:06:14"]
[BlackClock "0:49:50"]

1. e4 c6 2. d4 d5 3. exd5 cxd5 4. Bd3 Nc6 5. c3 g6 6. Nf3 Bg7 7. O-O Nf6 8. Bf4 O-O 9. Re1 Nh5 10. Be3 Qd6 11. Nbd2 f6 12. c4 Nb4 13. Bb1 Nc6 14. cxd5 Qxd5 15. a3 Qd8 16. h3 f5 17. Ba2+ Kh8 18.
d5 Ne5 19. Nxe5 Bxe5 20. Nc4 Bf6 21. Bh6 Ng7 22. d6 e6 23.
Ne5 Bxe5 24. Rxe5 Qf6 25. f4 Bd7 26. Rc1 Bc6 27. b4 a6 28.
Qd4 Rfe8 29. d7 Red8 30. Bg5 Rxd7 31. Qxd7 Qxe5 32. fxe5 1-0

[Event "African Championship"]
[Site "followchess.com"]
[Date "2021.05.27"]
[Round "9"]
[White "Barrish, Daniel"]
[Black "Osunfuyi, Abimbola"]
[Result "1-0"]
[ECO "D45"]
[WhiteElo "2306"]
[BlackElo "2246"]
[PlyCount "57"]
[EventDate "2021.??.??"]
[TimeControl "7200+30"]
[WhiteClock "0:30:08"]
[BlackClock "0:36:06"]

1. d4 d5 2. c4 c6 3. Nc3 Nf6 4. Nf3 e6 5. e3 Nbd7 6. Qc2 Bd6 7. Bd3 dxc4 8. Bxc4 b5 9. Bd3 Bb7 10.
O-O O-O 11. e4 e5 12. h3 exd4 13. Nxd4 Ne5 14. Be2 Re8 15. Nf5 Bc5 16. Bg5 Re6 17. Kh1 h6 18. Bxf6 Rxf6 19. f4 Ng6 20. e5 Re6 21. Nxh6+ gxh6 22. f5
Rxe5 23. fxg6 Qg5 24. gxf7+ Kg7 25. Ne4 Qe7 26. Qc3 b4 27. Qg3+ Kh8 28. Qg6 Qf8 29. Nxc5 1-0

[Event "African Championship"]
[Site "followchess.com"]
[Date "2021.05.27"]
[Round "9"]
[White "Bellahcene, Bilel"]
[Black "Adly, Ahmed"]
[Result "0-1"]
[ECO "B19"]
[WhiteElo "2508"]
[BlackElo "2615"]
[PlyCount "132"]
[EventDate "2021.??.??"]
[TimeControl "7200+30"]
[WhiteClock "0:37:08"]
[BlackClock "0:01:16"]

1. e4 c6 2. d4 d5 3. Nc3 dxe4 4. Nxe4 Bf5 5. Ng3 Bg6 6. h4 h6 7. Nf3 Nd7 8. Bd3 Bxd3 9. Qxd3 e6 10. Bf4 Qa5+ 11. Bd2 Bb4 12. Ne4 Ngf6 13. Nd6+ Ke7 14. Nc4 Bxd2+ 15. Nfxd2 Qc7 16. Ne4 c5 17. Nxf6 Nxf6 18. Qa3 Rhc8 19. Ne3 Qd6 20. dxc5 Qxc5 21. Qxc5+ Rxc5 22. Ke2 Rac8 23. Rhd1 Re5 24. c3 Nd5 25. Kf3 Nxe3 26. fxe3 g5 27. hxg5 Rf5+ 28. Kg3 Rg8 29. Rd2 Rfxg5+ 30. Kh2 f5 31. Rf1 Rg4 32. Rf4 h5 33. Rfd4 Kf6 34. Rd7 R8g7 35. Rxg7 Rxg7 36. Kg1 h4 37. Kf2 Rh7 38. b3 h3 39. gxh3 Rxh3 40. Rd7 Rh2+ 41. Kg3 Re2 42. Kf3 Rxa2 43. e4 b6 44. exf5 exf5 45. b4 Ke6 46. Rc7 Kd6 47. Rc8 Kd7 48. Rc4 Rh2 49. Kg3 Rh7 50. b5 Kd6 51. Rc6+ Ke5 52.
c4 f4+ 53. Kg4 Rf7 54. Kf3 Kd4 55. Rc8 Kc3 56. Rc6 Kb4 57. Rc8 Rf5 58. Ra8 Kxc4 59. Rxa7 Kxb5 60. Ra1 Rf8 61. Rb1+ Kc5 62. Rc1+ Kd4 63. Rd1+ Kc3 64. Rc1+ Kb2 65. Rc6 Rb8 66. Rh6 b5 0-1

[Event "African Championship"]
[Site "followchess.com"]
[Date "2021.05.27"]
[Round "9"]
[White "Beukes, Dante M"]
[Black "Chimthere, Alfred Charles"]
[Result "1/2-1/2"]
[ECO "B10"]
[WhiteElo "2284"]
[BlackElo "2057"]
[PlyCount "131"]
[EventDate "2021.??.??"]
[TimeControl "7200+30"]
[WhiteClock "0:04:06"]
[BlackClock "0:01:32"]

1. e4 c6 2. Nf3 d5 3. d3 Bg4 4. h3 dxe4 5. hxg4 exf3 6. Qxf3 Nd7 7. Nc3 e6 8. Ne4 Ne5 9. Qg3 Ng6 10. g5 Qd5 11. Bd2 O-O-O 12. c4 Qe5 13.
Qxe5 Nxe5 14. Rh3 Ne7 15. Bc3 N7g6 16. O-O-O c5 17. d4 cxd4 18. Bxd4 Nc6 19. Bc3 Rxd1+ 20. Kxd1 h6 21. gxh6 Rxh6 22. Rxh6 gxh6 23. Bf6 Kd7 24. Be2 b6 25. g3 Nge7 26. Bh5 Ng8 27. Bc3 Ke8 28. a3 Be7 29. f4 Nd8 30. b4 Kd7 31. Bf3 f5 32. Nf2 Bf6 33.
Kc2 Bxc3 34. Kxc3 Nf6 35. Kd4 Ke7 36. Nd3 Nf7 37. c5 bxc5+ 38.
bxc5 Nd7 39. Bh5 Nd8 40. Bf3 Nf7 41. a4 a5 42. Nb2 e5+ 43.
fxe5 Nfxe5 44. Bg2 Ke6 45. Bd5+ Kf6 46. c6 Nb6 47. Kc5 Nc8 48.
Nc4 Nxc4 49. Bxc4 Ke7 50.
Bd3 Nd6 51. Kd5 h5 52. Ke5 Nf7+ 53. Kxf5 Kd6 54. Be4 Nd8 55. Kg5 Ne6+ 56. Kxh5 Nc5 57. Bc2 Kxc6 58. Kg6 Kd5 59. Kf6 Kd4 60. Ke7 Ke3 61. g4 Kf4 62. Kd6 Nxa4 63. Bxa4 Kxg4 64. Kc5 Kf4 65. Kb5 Ke5 66. Kxa5 1/2-1/2

[Event "African Championship"]
[Site "followchess.com"]
[Date "2021.05.27"]
[Round "9"]
[White "Hesham, Abdelrahman"]
[Black "Rakotomaharo, Fy Antenaina"]
[Result "1/2-1/2"]
[ECO "D87"]
[WhiteElo "2400"]
[BlackElo "2429"]
[PlyCount "142"]
[EventDate "2021.??.??"]
[TimeControl "7200+30"]
[WhiteClock "0:04:29"]
[BlackClock "0:04:40"]

1. d4 Nf6 2. c4 g6 3. Nc3 d5 4. cxd5 Nxd5 5. e4 Nxc3 6. bxc3 Bg7 7. Bc4 c5 8. Ne2 Nc6 9. Be3 O-O 10. O-O b6 11. h4 e6 12. h5 Qh4 13.
hxg6 hxg6 14. f3 Rd8 15. Qd2 Qe7 16. Bg5 Bf6 17. Bxf6 Qxf6 18. Rad1 cxd4 19. cxd4 Bb7 20. Qe3 Rac8 21. e5 Qe7 22. d5 exd5 23.
Bxd5 Ba6 24. Bxc6 Rxc6 25. Nd4 Rc4 26. Rf2 Qc5 27. Rfd2 Bb5 28.
e6 fxe6 29. Qxe6+ Kg7 30. Qe3 Re8 31. Qf2 Ba4 32. Rf1 Rc1 33.
Rxc1 Qxc1+ 34. Kh2 Bd7 35. f4 Rh8+ 36. Kg3 Qh1 37. Kf3 Rh3+ 38.
Ke4 Qb1+ 39. Rc2 Rc3 40. Ke5 Rc5+ 41. Kd6 Rxc2 42. Nxc2 Qb5 43. Nd4 Qa4 44. Qe3 Bg4 45. Qe5+ Kg8 46. Nc6 Qxa2 47. Qf6 Qd2+ 48. Kc7 Qd7+ 49. Kb8 Kh7 50. Ne7 Qe6 51. Qxe6 Bxe6 52. Kxa7 b5 53. Nc6 Bd5 54. Nb4 Bxg2 55. Kb6 Bf1 56. Kc5 Kh6 57. Nd5 Bd3 58. Kd4 Bf5 59. Kc5 Bd3 60. Kd4 Bc4 61. Ne3 Be2 62. Kc5 Kh5 63. Nd5 Bc4 64. Ne7 Kh6 65. Nc6 Kg7 66. Nd4 Kf6 67. Kb4 Ke7 68. Kc5 Bf1 69. Kd5 Bc4+ 70. Kc5 Kd7 71. f5 gxf5 1/2-1/2

[Event "African Championship"]
[Site "followchess.com"]
[Date "2021.05.27"]
[Round "9"]
[White "Kawuma, Patrick"]
[Black "Nassr, Ali"]
[Result "1/2-1/2"]
[ECO "A09"]
[WhiteElo "2323"]
[BlackElo "2232"]
[PlyCount "80"]
[EventDate "2021.??.??"]
[TimeControl "7200+30"]
[WhiteClock "0:00:37"]
[BlackClock "0:31:02"]

1. Nf3 d5 2. c4 c6 3. e3 Nf6 4. b3 Bf5 5. Be2 h6 6. O-O e6 7. Bb2 Be7 8. d3 O-O 9. Re1 Nbd7 10. Bf1 a5 11. Nbd2 Nc5 12. Ne5 Nfd7 13. Ndf3 Nxe5 14. Nxe5 Bf6 15. d4 Nd7 16. Nf3 Re8 17. Qd2 Be4 18. Be2 dxc4 19. bxc4 c5 20. Red1 cxd4 21. exd4 Qc7 22. Qe3 Bc6 23. Rac1 Nf8 24. Ne5 Ba4 25. Rd3 Nd7 26. f4 Nxe5 27. dxe5 Be7 28. c5 Bb5 29. Rd6 Bxe2 30. Qxe2 Red8 31. Qe3 Rac8 32. Qc3 Bf8 33. Qd4 Be7 34. h3 f5 35. Rc3 Bxd6 36. exd6 Qc6 37. Re3 Rd7 38. Re5 b6 39. Ba3 bxc5 40. Bxc5 Kf7 1/2-1/2

[Event "African Championship"]
[Site "followchess.com"]
[Date "2021.05.27"]
[Round "9"]
[White "Kayonde, Andrew"]
[Black "Fawzy, Adham"]
[Result "0-1"]
[ECO "A45"]
[WhiteElo "2399"]
[BlackElo "2473"]
[PlyCount "140"]
[EventDate "2021.??.??"]
[TimeControl "7200+30"]
[WhiteClock "0:40:01"]
[BlackClock "0:00:56"]

1. d4 Nf6 2. Bg5 e6 3. e4 h6 4. Bxf6 Qxf6 5. c3 d6 6. Bd3 Nc6 7. Ne2 e5 8. O-O Bd7 9. d5 Ne7 10. f4 Ng6 11. Qb3 O-O-O 12. f5 Qg5 13. Qc2 Nh4 14. g3 Qe3+ 15. Kh1 Nf3 16. Kg2 Ng5 17. h4 Nh7 18. Rf3 Qb6 19. a4 a6 20. Nd2 Nf6 21. Nc4 Qa7 22.
b4 Kb8 23. Qb2 c6 24. Ne3 cxd5 25. Nxd5 Nxd5 26. exd5 e4 27. Bxe4 Be7 28. b5 Qb6 29. Qd2 Bf6 30. Bd3 a5 31. Qe3 Ka7 32. Qxb6+ Kxb6 33. Rd1 Rhe8 34. c4 Be5 35. Re3 Kc5 36. Ng1 Bc3 37. Rxe8 Rxe8 38. Nf3 Kb4 39. Rb1+ Kxa4 40. Bc2+ Ka3 41. Rb3+ Ka2 42. Rxc3 Kb2 43. Rb3+ Kxc2 44. Nd4+ Kc1 45. Ra3 b6 46. Kf3 Kb2 47. Rb3+ Ka2 48. Rc3 a4 49. g4 Re1 50. Nc2 Kb2 51. Ra3 Kxc2 52. Rxa4 Re8 53. Ra7 Rd8 54. Rb7 Kd3 55. Rxb6 Kxc4 56. Rxd6 Kc5 57. Ra6 Bxb5 58. Ra7 Rd7 59. Ra8 f6 60. Kf4 Rxd5 61. Rg8 Rd4+ 62. Kg3 Rd7 63. g5 hxg5 64. hxg5 Kd6 65. Kf4 Rf7 66. Rd8+ Bd7 67. Kg4 Ke7 68. Ra8 g6 69. gxf6+ Rxf6 70. Kg5 gxf5 0-1

[Event "African Championship"]
[Site "followchess.com"]
[Date "2021.05.27"]
[Round "9"]
[White "Masango, Spencer"]
[Black "Bwalya, Gillan"]
[Result "0-1"]
[ECO "A04"]
[WhiteElo "2071"]
[BlackElo "2405"]
[PlyCount "86"]
[EventDate "2021.??.??"]
[TimeControl "7200+30"]
[WhiteClock "1:33:23"]
[BlackClock "0:27:35"]

1. Nf3 f5 2. d4 Nf6 3. Bg5 d6 4. Nbd2 Nbd7 5. e3 h6 6.
Bxf6 Nxf6 7. Nh4 g5 8. Ng6 Rg8 9. Nxf8 Rxf8 10. Bd3 e6 11.
e4 fxe4 12. Nxe4 Bd7 13. O-O Qe7 14. Nxf6+ Qxf6 15. Qh5+ Ke7 16. Rae1 Qxd4 17. Qxh6 Qf6 18. Qxf6+ Rxf6 19.
Re3 Rg8 20. Rh3 d5 21. Rh7+ Kd6 22. c4 c5 23. cxd5 exd5 24. Re1 Bc6 25. f3 c4 26. Bf1 a5 27. Rhe7 b5 28. Ra7 a4 29. Rd1 Kc5 30. Re7 a3 31.
b3 Re8 32. Rxe8 Bxe8 33. Rc1 Kb4 34. bxc4 bxc4 35. Kf2 Re6 36. Kg3 Bb5 37. Kg4 d4 38. Kxg5 d3 39. Rd1 Kc3 40. f4 d2 41. f5 Re1 42. f6 Rxd1 43. Be2 Re1 0-1

[Event "African Championship"]
[Site "followchess.com"]
[Date "2021.05.27"]
[Round "9"]
[White "Methu, Joseph Muragu"]
[Black "Ikhimiukor, Ehidiamen"]
[Result "1-0"]
[ECO "E91"]
[WhiteElo "2119"]
[BlackElo "1946"]
[PlyCount "113"]
[EventDate "2021.??.??"]
[TimeControl "7200+30"]
[WhiteClock "1:06:24"]
[BlackClock "0:17:45"]

1. d4 Nf6 2. c4 g6 3. Nc3 Bg7 4. Nf3 O-O 5. e4 d6 6. Be2 Bg4 7. Be3 Nbd7 8. Nd2 Bxe2 9. Qxe2 c5 10. O-O cxd4 11. Bxd4 a6 12. Rac1 Rc8 13. Nd5 e6 14. Nxf6+ Bxf6 15. Nf3 Ne5 16. Nxe5 dxe5 17. Be3 Qc7 18. b3 Bg7 19. Rcd1 f5 20. exf5 exf5 21. f3 Rce8 22. Rd5 e4 23. fxe4 Rxe4 24. Qd3 Rfe8 25. Bf2 Re2 26. Rd7 Qc6 27. Rd8 Rxd8 28. Qxd8+ Re8 29. Qd3 Qe4 30. Qxe4 Rxe4 31. Re1 Rxe1+ 32. Bxe1 Kf7 33. Kf2 Bd4+ 34. Kf3 Ke6 35. h3 g5 36. Bd2 Bf6 37. Bc1 h5 38. a4 Kd6 39. Ba3+ Kc6 40. Ke3 Be5 41. Be7 g4 42. hxg4 hxg4 43. Bh4 Kc5 44. Be1 Kd6 45. Bb4+ Ke6 46. Be1 Bd6 47.
Kd4 Be5+ 48. Kc5 Bc7 49. b4 f4 50. b5 axb5 51. cxb5 f3 52.
gxf3 gxf3 53. b6 Bf4 54. Kb5 Bd2 55. Bf2 Kd5 56. a5 Ke4 57.
a6 1-0

[Event "African Championship"]
[Site "followchess.com"]
[Date "2021.05.27"]
[Round "9"]
[White "Mulenga, Prince Daniel"]
[Black "Abdulraheem Abdulrahman Akint"]
[Result "1/2-1/2"]
[ECO "D52"]
[WhiteElo "2246"]
[BlackElo "2264"]
[PlyCount "63"]
[EventDate "2021.??.??"]
[TimeControl "7200+30"]
[WhiteClock "0:21:34"]
[BlackClock "1:01:31"]

1. d4 d5 2. Nf3 Nf6 3. c4 c6 4. Nc3 e6 5. Bg5 Nbd7 6. e3 Qa5 7. Nd2 Bb4 8. Qc2 dxc4 9. Bxf6 Nxf6 10. Nxc4 Qc7 11. Be2 Bd7 12. a3 Be7 13. O-O c5 14. dxc5 Qxc5 15. b4 Qc7 16. Rac1 Rc8 17. Qb3 O-O 18. Nb2 Bd6 19. h3 Be5 20. Na2 Qb8 21. Nd3 Ne4 22. Rfd1 Bc6 23. Nxe5 Qxe5 24. Nc3 Nxc3 25. Qxc3 Qg5 26. g3 Qf5 27. b5 Bg2 28. Bg4 Rxc3 29. Bxf5 Rxa3 30. Bxh7+ Kxh7 31. Kxg2 Rb3 32. Rc5 1/2-1/2

[Event "African Championship"]
[Site "followchess.com"]
[Date "2021.05.27"]
[Round "9"]
[White "Mwale, George"]
[Black "Talbi, Chafik"]
[Result "0-1"]
[ECO "A04"]
[WhiteElo "1982"]
[BlackElo "2244"]
[PlyCount "118"]
[EventDate "2021.??.??"]
[TimeControl "7200+30"]
[WhiteClock "0:07:36"]
[BlackClock "0:41:37"]

1. Nf3 c5 2. g3 Nc6 3. Bg2 e5 4. d3 g6 5. O-O Bg7 6. e4 Nge7 7. Be3 d6 8. Qd2 O-O 9. Bh6 Nd4 10. Bxg7 Kxg7 11. Nxd4 cxd4 12. Na3 Be6 13. c4 dxc3 14. bxc3 Qa5 15. Qb2 b5 16. f4 f6 17. f5 Bd7 18. fxg6 hxg6 19. d4 Rac8 20. Rf3 Bg4 21. Rd3 a6 22. Rf1 Rc6 23. h3 Be2 24. Qxe2 Qxa3 25. c4 Qb4 26. cxb5 Qxb5 27. dxe5 Qxe5 28. Ra3 Rfc8 29. Rf2 Rc1+ 30. Kh2 a5 31. Qd2 R8c3 32. Rxc3 Rxc3 33. Rf3 Rxf3 34. Bxf3 Nc6 35. Qd5 Qxd5 36. exd5 Nb4 37. a4 f5 38. Kg2 Kf6 39. Kf2 Ke5 40. Ke3 Nxd5+ 41. Kd3 Nb6 42. Bc6 g5 43. h4 g4 44. h5 Kf6 45. Kd4 Kg5 46. Be8 Kh6 47. Bf7 Nxa4 48.
Be6 Kxh5 49. Bxf5 Kg5 50. Bb1 Nb6 51. Ba2 a4 52. Bb1 a3 53.
Ba2 Na4 54. Kc4 Kf6 55. Kb4 Nc5 56. Kxa3 Ne4 57. Bd5 Ke5 58. Bb7 Nxg3 59. Kb3 Ne4 0-1

[Event "African Championship"]
[Site "followchess.com"]
[Date "2021.05.27"]
[Round "9"]
[White "Mwali, Chitumbo"]
[Black "Silva, David"]
[Result "0-1"]
[ECO "A15"]
[WhiteElo "2285"]
[BlackElo "2296"]
[PlyCount "78"]
[EventDate "2021.??.??"]
[TimeControl "7200+30"]
[WhiteClock "0:42:59"]
[BlackClock "0:00:35"]

1. c4 Nf6 2. Nf3 g6 3. g3 Bg7 4. Bg2 O-O 5. O-O d6 6. Nc3 e5 7. d3 Nc6 8. Rb1 h6 9. b4 a6 10. h3 Bd7 11. e4 Qc8 12. Kh2 b5 13. Be3 Rb8 14. a3 Re8 15. Rc1 Qd8 16. Rc2 bxc4 17. dxc4 Be6 18. Qd3 Nd7 19. b5 Na5 20. Nd5 axb5 21. cxb5 Bxd5 22. Qxd5 Nf6 23. Qd3 d5 24. Bd2 Nc4 25. exd5 Nd6 26. Qe2 Rxb5 27. Rfc1 Nxd5 28. a4 Rb3 29. Ba5 e4 30. Nd2 Ra3 31. Rc5 Nb7 32. Bxc7 Qd7 33. R5c4 Nc3 34. Qe1 e3 35. fxe3 Ra2 36. Nf3 Qd5 37. Qf1 Rxe3 38. Rf4 g5 39. Bb6 Ree2 0-1

[Event "African Championship"]
[Site "followchess.com"]
[Date "2021.05.27"]
[Round "9"]
[White "Njoroge Martin"]
[Black "Calicoca, Wilton Inacio"]
[Result "1/2-1/2"]
[ECO "D35"]
[WhiteElo "1965"]
[BlackElo "2122"]
[PlyCount "55"]
[EventDate "2021.??.??"]
[TimeControl "7200+30"]
[WhiteClock "0:07:15"]
[BlackClock "0:14:13"]

1. d4 d5 2. c4 e6 3. Nc3 Nf6 4. cxd5 exd5 5. Bg5 Be7 6. e3 O-O 7. Bd3 h6 8. h4 Nbd7 9. Nf3 c5 10. Bf4 Qa5 11. Kf1 cxd4 12. Nxd4 Nc5 13. Be2 Bd7 14. g4 Rad8 15. g5 hxg5 16. hxg5 Nfe4 17. Nxd5 Bh3+ 18. Rxh3 Rxd5 19. Bf3 Bxg5 20. b4 Qxb4 21. Bxe4 Nxe4 22. Qh5 Qc4+ 23. Kg2 Bh6 24. Nf5 Kh7 25. Bxh6 Nf6 26. Qf3 gxh6 27. Rxh6+ Kg8 28. Ne7+ 1/2-1/2

[Event "African Championship"]
[Site "followchess.com"]
[Date "2021.05.27"]
[Round "9"]
[White "Okeke Issac"]
[Black "Nyambalo, Joseph Xavier"]
[Result "1-0"]
[ECO "B92"]
[WhiteElo "2097"]
[BlackElo "2032"]
[PlyCount "149"]
[EventDate "2021.??.??"]
[TimeControl "7200+30"]
[WhiteClock "0:41:57"]
[BlackClock "0:04:32"]

1. e4 c5 2. Nf3 d6 3. d4 cxd4 4. Nxd4 Nf6 5. Nc3 a6 6. Be2 e5 7. Nb3 Be6 8. Be3 Nbd7 9. g4 Nb6 10. g5 Nfd7 11. Qd2 Rc8 12. O-O-O Qc7 13. Kb1 Nc4 14. Bxc4 Qxc4 15. f3 b5 16. Qf2 b4 17. Nd5 Bxd5 18.
Rxd5 Be7 19. h4 O-O 20. Qg2 f5 21. gxf6 Nxf6 22. Rg1 Rf7 23.
Rdd1 d5 24. Bh6 Bf8 25. exd5 Nxd5 26. Bg5 Nf4 27. Qd2 Qb5 28. Rg4 h5 29. Rgg1 a5 30. Nd4 Qc4 31. Bxf4 Rxf4 32. Ne2 Rxf3 33. Ng3 Qf7 34. Ne4 Be7 35. Qd7 Rd8 36. Qxd8+ Bxd8 37. Rxd8+ Qf8 38. Rxf8+
Rxf8 39. Ng5 g6 40. c4 bxc3 41. bxc3 Rf4 42. Rh1 Rg4 43. Nf3 e4 44. Ne5 Rg3 45. Rc1 e3 46. Kc2 Kg7 47. Kd3 Kf6 48. Nc4 e2+ 49. Kxe2 Rg4 50. Nd2 Rxh4 51. c4 Ke6 52. Rg1 Kf5 53. Rg5+ Kxg5 54. Nf3+ Kf4 55. Nxh4 g5 56. c5 Ke5 57. Nf3+ Kd5 58. Nxg5 Kxc5 59. Kd3 Kb4 60. Kc2 a4 61. Nf3 Kc4 62. a3 Kd5 63. Kd3 Kc5 64. Kc3 Kd5 65. Kd3 Kc5 66. Kc3 Kd5 67. Kb4 Ke4 68. Nh4 Kf4 69. Kxa4 Kg4 70. Kb5 Kxh4 71. a4 Kg3 72. a5 h4 73. a6 h3 74. a7 h2 75. a8=Q 1-0